 Dungeon Crawl Stone Soup version 0.28-a0-662-g1651b1f1e0 (webtiles) character file.

Game seed: 8594688666082973548

13157 karkarkar the Cleaver (level 11, -2/101 HPs)
             Began as a Minotaur Fighter on Oct 14, 2021.
             Was a High Priest of Okawaru.
             Succumbed to a water moccasin's poison
             ... on level 1 of the Lair of Beasts.
             The game lasted 00:38:06 (15674 turns).

karkarkar the Cleaver (Minotaur Fighter)           Turns: 15674, Time: 00:38:07

Health: -2/101     AC: 14    Str: 23    XL:     11   Next: 71%
Magic:  15/15      EV:  6    Int: 12    God:    Okawaru [*****.]
Gold:   682        SH: 12    Dex: 16    Spells: 10/10 levels left

rFire   . . .      SeeInvis .   b - +2 mace (freeze)
rCold   . . .      Faith    .   t - +0 kite shield
rNeg    . . .      Spirit   .   j - +0 plate armour
rPois   .          Reflect  .   (helmet restricted)
rElec   .          Harm     .   e - +0 cloak
rCorr   .          Rampage  .   B - +0 pair of gloves
Will    .....                   (no boots)
Stlth   ..........              F - amulet of the acrobat
HPRegen 0.26/turn               x - +6 ring of dexterity
MPRegen 0.14/turn               D - +6 ring of intelligence

@: lethally poisoned (-2 -> -19), flying, very slightly contaminated, invisible
A: horns 2, retaliatory headbutt
a: Renounce Religion, Heroism, Finesse, Duel


You were on level 1 of the Lair of Beasts.
You worshipped Okawaru.
Okawaru was extremely pleased with you.
You visited 2 branches of the dungeon, and saw 12 of its levels.

You collected 682 gold pieces.

Inventory:

Hand Weapons
 a - a +0 war axe
 b - a +2 mace of freezing (weapon)
 C - a +7 spectral quarterstaff
Missiles
 g - 35 poisoned darts
 H - 5 boomerangs
Armour
 e - a +0 cloak (worn)
 j - a +0 plate armour (worn)
 t - a +0 kite shield (worn)
 z - a +2 leather armour of fire resistance
 B - a +0 pair of gloves (worn)
Jewellery
 x - a +6 ring of dexterity (left hand)
 D - a +6 ring of intelligence (right hand)
 F - an amulet of the acrobat (around neck)
Wands
 v - a wand of paralysis (10)
 w - a wand of flame (36)
 y - a wand of iceblast (8) (quivered)
Scrolls
 f - a scroll of immolation
 k - 2 scrolls of enchant weapon
 p - a scroll of fog
 s - 2 scrolls of amnesia
 u - a scroll of magic mapping {unknown}
 E - 3 scrolls of enchant armour {unknown}
 K - a scroll of vulnerability {unknown}
 L - 2 scrolls of identify
 M - a scroll of teleportation
Potions
 d - 2 potions of might
 h - a potion of resistance
 i - 3 potions of cancellation
 l - 2 potions of mutation {unknown}
 n - a potion of ambrosia
 o - a potion of brilliance
 q - 2 potions of invisibility
 r - 2 potions of flight
 A - a potion of magic {unknown}
 I - a potion of degeneration {unknown}
 J - a potion of haste {unknown}
 N - a potion of berserk rage {unknown}
Miscellaneous
 c - a phial of floods
 G - a lightning rod (4/4)


   Skills:
 + Level 10.4 Fighting
 + Level 14.7 Axes
 + Level 0.5(9.5) Maces & Flails
 - Level 2.6 Throwing
 - Level 4.1 Armour
 - Level 1.8 Dodging
 * Level 11.1 Shields
 * Level 6.8 Invocations
 + Level 1.0 Evocations


You had 10 spell levels left.
You didn't know any spells.
Your spell library contained the following spells:

 Spells                   Type           Power      Damage    Failure   Level
 Magic Dart               Conj           0%         1d3       100%        1
 Sandblast                Erth           0%         2d4       100%        1
 Blink                    Tloc           N/A        N/A       100%        2
 Corpse Rot               Necr/Air       N/A        N/A       100%        2
 Passwall                 Tmut/Erth      0%         N/A       100%        2
 Poisonous Vapours        Pois/Air       0%         N/A       100%        2
 Slow                     Hex            0%         N/A       100%        2
 Static Discharge         Conj/Air       0%         N/A       100%        2
 Confusing Touch          Hex            0%         N/A       100%        3
 Frozen Ramparts          Ice            0%         1d2       100%        3
 Gell's Gravitas          Tloc           0%         N/A       100%        3
 Lesser Beckoning         Tloc           0%         N/A       100%        3
 Stone Arrow              Conj/Erth      0%         3d7       100%        3
 Teleport Other           Tloc           0%         N/A       100%        3
 Dispel Undead            Necr           0%         3d6       100%        4
 Fulminant Prism          Conj/Hex       0%         3d6       100%        4
 Ice Form                 Ice/Tmut       0%         N/A       100%        4
 Sticky Flame             Conj/Fire      0%         2d3       100%        4
 Lightning Bolt           Conj/Air       0%         1d11      100%        5
 Manifold Assault         Tloc           0%         N/A       100%        5
 Yara's Violent Unravell  Hex/Tmut       0%         3d3       100%        5
 Conjure Ball Lightning   Conj/Air       0%         3x3d6     100%        6
 Tukima's Dance           Hex            Unusable   N/A       N/A         3
 Summon Ice Beast         Ice/Summ       Unusable   N/A       N/A         4

Dungeon Overview and Level Annotations

Branches:
Dungeon (11/15)            Temple (0/1) D:4            Lair (1/6) D:11
    Orc (0/2) D:9

Altars:
Ashenzari
Cheibriados
Dithmenos
Elyvilon
Fedhas
Nemelex Xobeh
Okawaru
Ru
Vehumet
Wu Jian
Yredelemnul
Zin
The Shining One
Lugonu

Annotations:
D:8 2 transporters, frogsbabysitter's ghost, novice TrFi
D:10 exclusion: orange crystal statue
D:11 1 transporter


Innate Abilities, Weirdness & Mutations

You have a pair of horns on your head.
You reflexively headbutt those who attack you in melee.


Message History

You are very lightly contaminated with residual magic.
You feel very sick.
The cane toad gives a loud, deep croak!
You feel very sick.
You feel sick.
You feel sick.
The cane toad is no longer encased in ice.
You feel sick.
You feel sick.
You feel sick.
You feel sick.
You see here 28 stones.
You feel sick.
You are no longer poisoned.
The rime drake breathes ice at the water moccasin.
The flash freeze misses the water moccasin.
You feel much better.
The cane toad stings you but does no damage.
The cane toad stings you!
* * * LOW HITPOINT WARNING * * *
You are poisoned.
The cane toad poisons you!
The water moccasin bites you but does no damage.
* * * LOW HITPOINT WARNING * * *
You feel very sick.
Unknown command.
Found a potion of resistance.
You feel sick.
You feel sick. The water moccasin bites you.
* * * LOW HITPOINT WARNING * * *
You are lethally poisoned!
The water moccasin poisons you!
* * * LOW HITPOINT WARNING * * *
You feel very sick.
The rime drake breathes ice at the water moccasin.
The flash freeze hits the cane toad!!
The cane toad dies!
It was a potion of flight.
You feel very buoyant.
You fly up into the air.
You die...

#######..##.#..##P#.....
........................
###.####.####..#.##.....
........................
#.##....###..##.#.#.##.#
........k...............
...##.#.####............
.......S..!.............
#.#P...@....##..#.#.P###
...................†....
#.#..........#..##.#####
..................(.....
.............####.......
...................†....
###P.........##.#...##.#
.......................
..#..##..............##


You could see a rime drake (catching breath) and a water moccasin.

Vanquished Creatures
  Harold (D:10)
  A boulder beetle (D:11)
  A hydra (Lair:1)
  3 centaur zombies
  Joseph (D:8)
  A gargoyle (D:10)
  A komodo dragon (Lair:1)
  3 trolls
  3 blink frogs (Lair:1)
  Prince Ribbit (Lair:1)
  A hornet (D:10)
  Grinder (D:5)
  Sigmund (D:5)
  A vampire (D:11)
  Eustachio (D:5)
  15 yaks
  3 steam dragons
  Grum (D:11)
  Edmund (D:5)
  4 water moccasins
  2 orc warriors
  2 black bears
  4 ogres
  3 ice beasts
  6 centaurs
  A phantom (D:5)
  2 wolves (D:11)
  4 bullfrogs
  A gnoll sergeant (D:4)
  2 wyvern zombies
  3 killer bees (D:9)
  6 wights (D:9)
  3 electric eels (D:9)
  5 howler monkeys
  3 bullfrog zombies (D:5)
  3 hounds
  3 centaur skeletons
  2 gnoll shamans
  2 orc priests
  3 iguanas
  11 orc wizards
  A centaur simulacrum (D:9)
  2 hound skeletons (D:4)
  13 gnolls
  12 adders
  A shadow imp (D:8)
  A white imp (D:5)
  4 worms
  2 dart slugs
  26 orcs
  4 ball pythons
  9 endoplasms
  3 giant cockroaches
  11 goblins
  4 hobgoblins
  10 jackals
  5 quokkas
  6 bats
  4 frilled lizards
  6 kobolds
  3 rats
243 creatures vanquished.

Vanquished Creatures (others)
  A cane toad (Lair:1)
  2 adders (D:6)
  2 fungi (Lair:1)
  23 plants
28 creatures vanquished.

Grand Total: 271 creatures vanquished

Notes
Turn   | Place    | Note
-------+----------+-------------------------------------------
     0 | D:1      | karkarkar the Minotaur Fighter began the quest for the Orb.
     0 | D:1      | Reached XP level 1. HP: 19/19 MP: 0/0
   118 | D:1      | Reached XP level 2. HP: 27/27 MP: 1/1
   184 | D:1      | Found a faded altar of an unknown god.
   917 | D:1      | Reached XP level 3. HP: 31/33 MP: 2/2
   951 | D:1      | Reached skill level 3 in Axes
  1020 | D:2      | Found a blossoming altar of Fedhas.
  1199 | D:2      | Reached XP level 4. HP: 40/41 MP: 3/3
  1262 | D:2      | Reached skill level 4 in Axes
  1983 | D:3      | Reached XP level 5. HP: 47/47 MP: 4/4
  2104 | D:3      | Reached skill level 1 in Dodging
  2123 | D:3      | Found an iron altar of Okawaru.
  2194 | D:3      | Reached skill level 5 in Axes
  2270 | D:3      | Found a basalt altar of Yredelemnul.
  2546 | D:3      | Became a worshipper of Warmaster Okawaru
  2607 | D:4      | Noticed a water moccasin
  2692 | D:4      | Noticed a black bear
  2708 | D:4      | Killed a black bear
  2709 | D:4      | Reached skill level 5 in Fighting
  2709 | D:4      | Reached skill level 6 in Axes
  2709 | D:4      | Reached XP level 6. HP: 54/56 MP: 5/5
  2787 | D:4      | Found a staircase to the Ecumenical Temple.
  2962 | D:4      | Noticed Grinder
  2968 | D:5      | Entered Level 5 of the Dungeon
  2975 | D:5      | Killed Grinder
  2976 | D:5      | Reached skill level 7 in Axes
  2976 | D:5      | Reached skill level 1 in Throwing
  3046 | D:5      | Noticed a two-headed ogre
  3194 | D:6      | Noticed a steam dragon
  3206 | D:6      | Reached XP level 7. HP: 48/61 MP: 6/6
  3216 | D:6      | HP: 3/61 [steam dragon (1)]
  3542 | D:6      | Reached * piety under Okawaru
  3546 | D:6      | Reached skill level 8 in Axes
  3915 | D:5      | Found a snail-covered altar of Cheibriados.
  3980 | D:5      | Noticed Sigmund
  4000 | D:5      | Killed Sigmund
  4001 | D:5      | Reached skill level 9 in Axes
  4001 | D:5      | Reached skill level 1 in Invocations
  4001 | D:5      | Reached XP level 8. HP: 68/70 MP: 7/7
  4041 | D:5      | Noticed Eustachio
  4053 | D:5      | Reached ** piety under Okawaru
  4947 | D:5      | Killed Eustachio
  5001 | D:5      | Found a glowing golden altar of the Shining One.
  5087 | D:5      | Reached skill level 10 in Axes
  5263 | D:5      | Found a sacrificial altar of Ru.
  5598 | D:5      | Noticed Edmund
  5609 | D:5      | Killed Edmund
  5609 | D:5      | Reached *** piety under Okawaru
  6009 | D:6      | Found a blossoming altar of Fedhas.
  6038 | D:6      | Reached skill level 11 in Axes
  6038 | D:6      | Reached XP level 9. HP: 44/79 MP: 10/10
  7258 | D:7      | Found a sparkling altar of Nemelex Xobeh.
  7647 | D:7      | Reached skill level 5 in Shields
  7784 | D:7      | Reached **** piety under Okawaru
  7785 | D:7      | Reached skill level 12 in Axes
  8388 | D:8      | Found a transporter.
  8391 | D:8      | Found a transporter.
  8391 | D:8      | Noticed frogsbabysitter's ghost (novice TrFi)
  8391 | D:8      | Noticed a centaur warrior
  8394 | D:8      | Noticed a cyclops
  8418 | D:8      | Found a radiant altar of Vehumet.
  8559 | D:8      | Found a glowing silver altar of Zin.
  8580 | D:8      | Noticed Joseph
  8592 | D:8      | Killed Joseph
  8883 | D:8      | Got Viykotab's Grimoire of Battle Magic and Hexes
  9098 | D:8      | Reached XP level 10. HP: 90/90 MP: 12/12
  9148 | D:8      | Identified the +0 helmet of the Harp {rElec}
  9327 | D:9      | Reached skill level 5 in Invocations
  9526 | D:9      | Found a staircase to the Orcish Mines.
  9658 | D:9      | Found a white marble altar of Elyvilon.
 10486 | D:9      | Found a shadowy altar of Dithmenos.
 10657 | D:9      | Reached skill level 13 in Axes
 10657 | D:9      | Noticed an eight-headed hydra
 11704 | D:10     | Entered Level 10 of the Dungeon
 11794 | D:10     | Identified the +0 robe of Lethargy {rC- MP+9 Str+2 Slay+5
                  | Stlth+}
 11833 | D:10     | Noticed an orange crystal statue
 11953 | D:10     | Found a broken altar of Ashenzari.
 12016 | D:10     | Noticed a gargoyle
 12033 | D:10     | Killed a gargoyle
 12572 | D:10     | Noticed Harold
 12847 | D:10     | Killed Harold
 12847 | D:10     | Reached ***** piety under Okawaru
 13242 | D:11     | Found a staircase to the Lair.
 13258 | D:10     | Reached XP level 11. HP: 83/97 MP: 14/14
 13551 | D:11     | Found an ornate altar of the Wu Jian Council.
 13615 | D:11     | Found a transporter.
 13617 | D:11     | Noticed a cyan very ugly thing
 13636 | D:11     | Identified the +1 robe of the Storm King {*Slow Int+3}
 13746 | D:11     | Received a gift from Okawaru
 13759 | D:11     | Reached skill level 14 in Axes
 13986 | D:11     | Noticed Grum
 14022 | D:11     | Killed Grum
 14331 | D:11     | Noticed a boulder beetle
 14409 | D:11     | Killed a boulder beetle
 14410 | D:11     | Reached skill level 10 in Shields
 14823 | D:11     | Found a corrupted altar of Lugonu.
 14823 | D:11     | Noticed a large abomination
 14823 | D:11     | Noticed a brown ugly thing
 14825 | D:11     | Noticed a red ugly thing
 14899 | Lair:1   | Entered Level 1 of the Lair of Beasts
 14921 | Lair:1   | Noticed Prince Ribbit
 14931 | Lair:1   | Reached skill level 10 in Fighting
 14938 | Lair:1   | Killed Prince Ribbit
 15309 | Lair:1   | Noticed a five-headed hydra
 15318 | Lair:1   | Killed a five-headed hydra
 15318 | Lair:1   | Received a gift from Okawaru
 15518 | Lair:1   | Reached skill level 1 in Evocations
 15663 | Lair:1   | HP: 5/101 [poisoned by a cane toad]
 15673 | Lair:1   | HP: 2/101 [poisoned by a water moccasin]
 15674 | Lair:1   | Succumbed to a water moccasin's poison

Illustrated notes

Levels and vault maps discovered:
D:1:      mrwooster_arrival_statue_3, layout_basic,
          shapermc_ecumenical_altar_notcrosses
D:2:      layout_loops_ring, basic_altar, serial_bayou_lagoon_b
D:3:      layout_loops_cross, mainiacjoe_overflow_small_starburst,
          okawaru_trees_1, minivault_23
D:4:      layout_basic, minmay_temple_entry_mist, lightli_minifort, uniq_grinder
D:5:      layout_layer_cave, nicolae_ru_sacrificial_ziggurat, slow_altar_1,
          marbit_many_paths, uniq_sigmund, uniq_eustachio, uniq_edmund
D:6:      layout_cave_pods, nicolae_overflow_hidden_temple, kennysheep_potato
D:7:      layout_gridville, nemelex_dance_club_becter, small_statue_intersection
D:8:      layout_gridville, overflow_temple_1_default, nicolae_vehumet_radiance,
          gammafunk_ghost_arena, uniq_joseph
D:9:      kennysheep_ambush_hall, layout_rooms, elyvilon_altar_4,
          nicolae_dithmenos_the_darkroom, david_orc_3, serial_curves,
          eino_curves_03, eino_curves_01, serial_bayou_lake_a
D:10:     layout_gridville, ashenzari_altar_1, serial_rivers,
          chequers_serial_rivers_room_a, chequers_serial_rivers_micro_c,
          chequers_serial_rivers_room_b, chequers_serial_rivers_room_b,
          chequers_serial_rivers_small_a, minivault_16, uniq_harold
D:11:     gammafunk_corrupted_shrine, layout_grid_maze, lair_entry_dummy,
          nzn_wu_jian_council_hall, uniq_grum
Lair:1:   layout_long_grid, uniq_prince_ribbit2

Skill      XL: |  1  2  3  4  5  6  7  8  9 10 11 |
---------------+----------------------------------+-----
Shields        | 4 6 9 11 | 11.1
Armour         | 4 |  4.1
Fighting       | 4 5 6 7 8 9 10 | 10.4
Axes           | 3 4 6 7 9 11 12 13 14 | 14.7
Dodging        | 1 |  1.8
Throwing       | 1 2 |  2.6
Invocations    | 1 3 4 6 |  6.8
Evocations     | 1 |  1.0
Maces & Flails | |  0.5

Action                   |  1- 3 |  4- 6 |  7- 9 | 10-12 || total
-------------------------+-------+-------+-------+-------++-------
Melee: War axe           |    70 |   121 |   261 |   310 ||   762
       Headbutt          |    11 |    18 |    61 |    81 ||   171
       Mace              |       |       |       |    16 ||    16
Throw: Dart              |       |    10 |    21 |    18 ||    49
Invok: Heroism           |       |       |       |     5 ||     5
       Finesse           |       |       |       |     3 ||     3
Evoke: Wand              |       |       |       |     9 ||     9
       Phial of floods   |       |       |       |     1 ||     1
  Use: Potion            |       |       |     3 |     6 ||     9
       Scroll            |       |       |    10 |     6 ||    16
Armor: Scale mail        |    20 |       |       |       ||    20
       Plate armour      |    19 |    86 |   169 |   177 ||   451
Dodge: Dodged            |    30 |    30 |    75 |   105 ||   240
Block: Buckler           |    12 |    25 |    36 |       ||    73
       Kite shield       |       |       |    59 |   209 ||   268

Table legend: (Time is in decaauts)
 A = Elapsed time spent in this place.
 B = Non-inter-level travel time spent in this place.
 C = Inter-level travel time spent in this place.
 D = Time resting spent in this place.
 E = Time spent auto-exploring this place.
 F = Levels seen in this place.
 G = Mean time per level.
                   A        B        C        D        E       F      G
               +--------+--------+--------+--------+--------+-----+--------+
         Total |  15813 |  15182 |    631 |   4183 |   8296 |  12 | 1317.8 |
       Dungeon |  15043 |  14413 |    630 |   3803 |   8037 |  11 | 1367.5 |
          Lair |    769 |    769 |      0 |    380 |    259 |   1 |  769.0 |
               +--------+--------+--------+--------+--------+-----+--------+

Top non-repeatable levels by time:
     D:9: 2136 daAuts
     D:6: 1827 daAuts
    D:10: 1608 daAuts
    D:11: 1585 daAuts
     D:8: 1483 daAuts
     D:5: 1337 daAuts
     D:4: 1237 daAuts
     D:7: 1113 daAuts
     D:1: 1040 daAuts
     D:2: 907 daAuts
  Lair:1: 769 daAuts
     D:3: 765 daAuts
